 Seeded DCSS version 0.31-a0-303-gdc8c9485ea (webtiles) character file.

Game seed: 8198258192303351143 (custom seed)

105423 bmack86 the Severer (level 15, -3/148 HPs)
             Began as a Minotaur Fighter on July 16, 2023.
             Was the Champion of Okawaru.
             Splashed by a goliath frog's acid (12 damage)
             ... on level 1 of the Swamp on July 17, 2023.
             The game lasted 00:56:24 (19910 turns).

bmack86 the Severer (Minotaur Fighter)             Turns: 19910, Time: 00:56:25

Health: -3/148     AC: 26    Str: 27    XL:     15   Next: 94%
Magic:  23/23      EV:  8    Int: 10    God:    Okawaru [******]
Gold:   955        SH: 20    Dex: 16    Spells: 14/14 levels left

rFire   . . .        a - +7 broad axe (freeze)
rCold   . . .        X - +1 tower shield "Bewni Lach" {rN++ Will+ Regen+ Dex+3}
rNeg    + + +        y - +18 Lear's hauberk
rPois   +            (helmet currently unavailable)
rElec   .            U - +2 ratskin cloak {*Rats rPois rN+ Str-1 Int-1 Dex+1}
rCorr   .            (gloves currently unavailable)
SInv    .            (boots currently unavailable)
Will    ++...        h - amulet "Ulatael" {Regen+ Str+2 Dex+2} Stlth
                     d - +6 ring of intelligence
HPRegen 2.04/turn    r - +4 ring of slaying
MPRegen 0.18/turn

%: no passive effects
@: corroded
A: horns 2, retaliatory headbutt, weak 1
a: Renounce Religion, Heroism, Finesse, Duel


You were on level 1 of the Swamp.
You worshipped Okawaru.
Okawaru was exalted by your worship.
You visited 5 branches of the dungeon, and saw 24 of its levels.
You also visited: Bailey and Ice Cave.

You collected 2435 gold pieces.
You spent 1480 gold pieces at shops.

Inventory:

Hand Weapons
 a - a +7 broad axe of freezing (weapon)
 C - a +0 broad axe of draining
Missiles
 f - a silver boomerang
 i - 24 boomerangs (quivered)
 p - 4 javelins
 H - 3 curare-tipped darts
Armour
 y - the +18 Lear's hauberk (worn)
   (You acquired it on level 6 of the Dungeon)
 G - the +2 kite shield "Pumia" {rElec rF- Str-5 Int+6}
   (You acquired it on level 7 of the Dungeon)

   Str:       It affects your strength (-5).
   Int:       It affects your intelligence (+6).
   rF:        It makes you vulnerable to fire.
   rElec:     It insulates you from electricity.
 N - a +4 plate armour of willpower
 Q - a +2 pair of boots of flying
 R - a +2 cloak of willpower
 U - the +2 ratskin cloak (worn) {*Rats rPois rN+ Str-1 Int-1 Dex+1}
   (You found it on level 1 of the Lair of Beasts)

   *Rats:     When the wearer is hurt, rats may emerge from it to assist them.
   Str:       It affects your strength (-1).
   Int:       It affects your intelligence (-1).
   Dex:       It affects your dexterity (+1).
   rPois:     It protects you from poison.
   rN:        It protects you from negative energy.
 X - the +1 tower shield "Bewni Lach" (worn) {rN++ Will+ Regen+ Dex+3}
   (You found it on level 5 of the Lair of Beasts)

   Dex:       It affects your dexterity (+3).
   rN:        It greatly protects you from negative energy.
   Regen:     It increases your rate of health regeneration.
   Will:      It increases your willpower.
 Y - a +2 pair of gloves of hurling
Jewellery
 c - a ring of ice
 d - a +6 ring of intelligence (left hand)
 h - the amulet "Ulatael" (around neck) {Regen+ Str+2 Dex+2}
   (You acquired it on level 3 of the Dungeon)

   [amulet of regeneration]

   Str:       It affects your strength (+2).
   Dex:       It affects your dexterity (+2).
   Regen:     It increases your rate of health regeneration.
 j - a ring of protection from fire
 q - a +6 ring of intelligence
 r - a +4 ring of slaying (right hand)
 I - a ring of protection from cold
 J - a ring of fire
 S - a ring of ice
Wands
 k - a wand of polymorph (17)
 o - a wand of mindburst (1)
 u - a wand of flame (50)
 E - a wand of paralysis (7)
 M - a wand of iceblast (5)
Scrolls
 b - 4 scrolls of fear
 n - a scroll of enchant weapon
 t - 8 scrolls of teleportation
 x - 5 scrolls of fog
 F - 2 scrolls of revelation
 L - 2 scrolls of amnesia
 T - 2 scrolls of blinking
 W - 4 scrolls of identify
Potions
 e - 9 potions of cancellation
 g - 2 potions of enlightenment
 l - 4 potions of magic
 m - 6 potions of heal wounds
 s - a potion of haste
 w - 5 potions of curing
 z - 2 potions of invisibility
 A - a potion of resistance
 B - 3 potions of brilliance
 K - 4 potions of might
 P - 2 potions of mutation
 V - a potion of lignification


   Skills:
 + Level 17.7 Fighting
 - Level 18.0 Axes
 - Level 14.0 Armour
 + Level 14.7 Shields
 + Level 12.0 Invocations


You had 14 spell levels left.
You didn't know any spells.
Your spell library contained the following spells:

 Spells                   Type           Power      Damage    Failure   Level
 Apportation              Tloc           0%         N/A       95%         1
 Sandblast                Erth           0%         2d4       95%         1
 Shock                    Conj/Air       0%         1d3       95%         1
 Sting                    Tmut/Pois      0%         1d3       95%         1
 Blink                    Tloc           0%         N/A       99%         2
 Passwall                 Tmut/Erth      0%         N/A       99%         2
 Poisonous Vapours        Pois/Air       0%         N/A       99%         2
 Sublimation of Blood     Necr           0%         N/A       99%         2
 Stone Arrow              Conj/Erth      0%         3d7       100%        3
 Swiftness                Air            0%         N/A       100%        3
 Airstrike                Air            0%         2d(0-16)  100%        4
 Manifold Assault         Tloc           0%         N/A       100%        4
 Olgreb's Toxic Radiance  Pois           0%         N/A       100%        4
 Petrify                  Tmut/Erth      0%         N/A       100%        4
 Alistair's Intoxication  Tmut/Pois      0%         N/A       100%        5
 Fireball                 Conj/Fire      0%         3d3       100%        5
 Irradiate                Conj/Tmut      0%         3d11      100%        5
 Iskenderun's Battlesphe  Conj           0%         2d6       100%        5
 Conjure Ball Lightning   Conj/Air       0%         3x3d6     100%        6
 Orb of Destruction       Conj           0%         9d5       100%        7


Dungeon Overview and Level Annotations

Branches:
Dungeon (15/15)            Temple (1/1) D:6            Lair (5/5) D:9
  Swamp (1/4) Lair:3        Snake (0/4) Lair:3        Slime (0/5) Lair:4
    Orc (2/2) D:10            Elf (0/3) Orc:2        Vaults (0/5) D:13
 Depths (0/4) D:15         Bailey (visited)           IceCv (visited)

Altars:
Elyvilon
Fedhas
Gozag
Hepliaklqana
Makhleb
Nemelex Xobeh
Okawaru
Sif Muna
Vehumet
Xom
Yredelemnul
The Shining One

Shops:
D:14 *   Orc:2 *(=[

Annotations:
D:11 2 runed translucent doors, Jackthecabe's ghost, journeyman DgCj
D:13 2 transporters, Etrocim's ghost, journeyman KoDe


Innate Abilities, Weirdness & Mutations

You have a pair of horns on your head.
You reflexively headbutt those who attack you in melee.
You are weak. (Str -2)


Message History

You freeze the ten-headed hydra. You headbutt the ten-headed hydra!
The ten-headed hydra is severely wounded.
You block the goliath frog's attack.
An eleionoma comes into view.
You slice one of the ten-headed hydra's heads off!
The nine-headed hydra grows two more!
You slash the 11-headed hydra!
The 11-headed hydra seems to slow down.
You freeze the 11-headed hydra.
The 11-headed hydra is severely wounded.
You block the 11-headed hydra's attack. x2; The 11-headed hydra bites you.
The 11-headed hydra bites you but does no damage.
You block the 11-headed hydra's attack. x3
The 11-headed hydra bites you but does no damage.
The 11-headed hydra closely misses you.
The 11-headed hydra bites you but does no damage.
The 11-headed hydra bites you!
* * * LOW HITPOINT WARNING * * *
The goliath frog hits you but does no damage.
You barely miss the 11-headed hydra.
Your headbutt misses the 11-headed hydra.
The 11-headed hydra is severely wounded.
You block the goliath frog's attack.
You slice one of the 11-headed hydra's heads off!
The ten-headed hydra grows two more!
You slash the 12-headed hydra!
The 12-headed hydra seems to slow down.
You freeze the 12-headed hydra.
The 12-headed hydra is severely wounded.
The briar patch crumbles away. x2; The 12-headed hydra bites you!
* * * LOW HITPOINT WARNING * * *
You block the 12-headed hydra's attack. x2
The 12-headed hydra completely misses you.
The 12-headed hydra barely misses you. You block the 12-headed hydra's attack.
The 12-headed hydra bites you but does no damage.
The 12-headed hydra bites you.
* * * LOW HITPOINT WARNING * * *
The 12-headed hydra bites you but does no damage. x3
The 12-headed hydra bites you!
* * * LOW HITPOINT WARNING * * *
The goliath frog hits you from afar!
* * * LOW HITPOINT WARNING * * *
The acid corrodes you!
You are splashed with acid!
You die...

♣♣.♣ ♣.~♣ ♣...
♣♣~~ .?.~♣ . ♣♣~..
♣..~~♣ ~~ ♣§~.♣
♣.....♣
...♣♣~♣.♣♣♣>...~~♣
.~♣PP>$<♣♣~~♣~~~.~
.~.PP.~.....~~~~~~
...PP~~..@§.♣~~~~
$.~RP.[~.D~.~~~♣
(..~♣~~..F~.♣....$
♣♣.PP~~...~.§..♣♣~
♣.~♣♣~~^~..~♣♣♣
♣§~~~~~.~~~~~♣
♣..~.♣~.~.~~♣♣
♣~♣♣...~~.♣.♣
♣.♣~~....♣


You could see an eleionoma, a 12-headed hydra (slow) and a goliath frog.

Vanquished Creatures
  Kirke (D:13)
  A stone giant (D:15)
  5 dire elephants (Lair:5)
  An ettin (Orc:1)
  4 hydras
  A rakshasa (D:14)
  3 vault guards (D:13)
  A death knight (D:15)
  A catoblepas (Lair:4)
  An ogre mage (Orc:1)
  4 centaur warriors
  Erica (D:8)
  5 boulder beetles
  10 two-headed ogres
  A vampire mage (D:12)
  5 orc high priests
  3 tengu warriors (D:15)
  5 death yaks (Lair:5)
  Sonja (Lair:2)
  A skyshark (Lair:5)
  A fire crab (Lair:5)
  5 skeletal warriors
  A spectral death yak (Lair:5)
  A spectral anaconda (Lair:5)
  2 bog bodies (Lair:3)
  4 necromancers (Lair:5)
  An obsidian statue (Lair:5)
  3 orc knights
  A lindwurm (Lair:4)
  A deep elf pyromancer (D:15)
  11 ugly things
  A harpy (shapeshifter) (D:14)
  4 manticores
  2 orc sorcerers (Orc:2)
  An oklob plant (Lair:5)
  2 cyclopes
  20 elephants
  5 black mambas
  A dire elephant zombie (Lair:5)
  2 ice statues (IceCv)
  A gargoyle (D:12)
  2 kobold demonologists
  8 cane toads
  An unseen horror (D:12)
  3 rime drakes
  An efreet (D:13)
  3 freezing wraiths
  8 komodo dragons
  A polar bear (shapeshifter) (D:15)
  3 trolls
  A polar bear (Lair:5)
  13 dream sheep
  17 blink frogs
  A shadow (D:10)
  A centaur simulacrum (D:15)
  61 yaks
  7 vampires (D:12)
  2 wraiths (D:12)
  3 slime creatures (D:14)
  A yak (shapeshifter) (D:13)
  4 wyverns
  7 basilisks
  5 hogs (D:13)
  9 humans (D:13)
  10 vampire mosquitoes
  3 death yak simulacra
  A warg (Orc:2)
  3 nagas (Lair:3)
  A two-headed ogre zombie (Orc:1)
  3 acid dragons
  A swamp worm (Swamp:1)
  13 water moccasins
  A meliai simulacrum (D:15)
  31 orc warriors
  3 sky beasts
  3 black bears
  22 ogres
  A phantom (D:10)
  4 boggarts (D:15)
  7 centaurs
  13 wolves
  3 elephant skeletons (Lair:5)
  2 kobold brigands
  13 bullfrogs
  2 gnoll sergeants
  3 scorpions
  3 cane toad simulacra (Lair:5)
  16 wights
  4 killer bees (D:11)
  2 troll zombies (D:10)
  2 howler monkeys (D:9)
  23 orc priests
  4 jellies
  A gnoll bouda (D:6)
  2 hounds (D:6)
  24 orc wizards
  An iguana (D:5)
  A hell rat (Lair:5)
  A polar bear simulacrum (IceCv)
  A wolf simulacrum (IceCv)
  7 ogre zombies
  Robin (D:2)
  22 gnolls
  2 adders
  A shadow imp (D:7)
  A white imp (D:7)
  2 worms (D:2)
  A dart slug (D:2)
  83 orcs
  2 bats
  4 endoplasms
  3 giant cockroaches
  16 hobgoblins
  6 jackals
  3 quokkas
  7 ball pythons
  5 frilled lizards
  27 goblins
  3 goblin skeletons (D:10)
  2 goblin zombies (D:10)
  2 hobgoblin skeletons (D:10)
  5 hobgoblin zombies (D:10)
  16 kobolds
  2 orc skeletons (D:10)
  11 orc zombies (D:10)
  9 rats
  3 butterflies
761 creatures vanquished.

Vanquished Creatures (others)
  A thorn hunter (Swamp:1)
  A vault guard (D:13)
  A deep elf pyromancer (D:13)
  An ugly thing (IceCv)
  A bloated husk (Swamp:1)
  A water moccasin (Lair:5)
6 creatures vanquished.

Grand Total: 767 creatures vanquished

Notes
Turn   | Place    | Note
-------+----------+-------------------------------------------
     0 | D:1      | bmack86 the Minotaur Fighter began the quest for the Orb.
     0 | D:1      | Reached XP level 1. HP: 19/19 MP: 0/0
   192 | D:1      | Reached skill level 3 in Axes
   479 | D:1      | Reached XP level 2. HP: 26/26 MP: 1/1
  1024 | D:2      | Reached skill level 4 in Axes
  1063 | D:2      | Reached XP level 3. HP: 31/31 MP: 2/2
  1078 | D:2      | Noticed Robin
  1084 | D:2      | Killed Robin
  1092 | D:2      | Reached skill level 5 in Axes
  1315 | D:2      | Reached XP level 4. HP: 39/39 MP: 3/3
  1731 | D:3      | Identified a scroll of acquirement
  1731 | D:3      | Acquired the amulet "Ulatael" {Regen+ Str+2 Dex+2}
  1806 | D:3      | Found an iron altar of Okawaru.
  1817 | D:3      | Became a worshipper of Warmaster Okawaru
  2092 | D:3      | Noticed a sky beast
  2108 | D:3      | Killed a sky beast
  2109 | D:3      | Reached skill level 6 in Axes
  2109 | D:3      | Reached XP level 5. HP: 38/45 MP: 4/4
  2134 | D:3      | Found a hazy altar of Hepliaklqana.
  2240 | D:3      | Reached skill level 7 in Axes
  2390 | D:3      | Noticed an eye of devastation
  2392 | D:3      | Found a faded altar of an unknown god.
  2394 | D:3      | Noticed an eye of devastation
  2395 | D:3      | Noticed a floating eye
  2395 | D:3      | Noticed an eye of devastation
  2544 | D:4      | Reached XP level 6. HP: 51/51 MP: 5/5
  2776 | D:4      | Found a sparkling altar of Nemelex Xobeh.
  2931 | D:4      | Found a shimmering altar of Xom.
  2974 | D:4      | Reached * piety under Okawaru
  2975 | D:4      | Reached skill level 8 in Axes
  3342 | D:5      | Entered Level 5 of the Dungeon
  3535 | D:5      | Found an opulent altar of Gozag.
  3560 | D:5      | Found a blossoming altar of Fedhas.
  3581 | D:5      | Reached skill level 9 in Axes
  3588 | D:5      | Reached XP level 7. HP: 57/57 MP: 3/6
  4144 | D:6      | Reached skill level 10 in Axes
  4176 | D:6      | Acquired the +18 Lear's hauberk
  4176 | D:6      | Found the +18 Lear's hauberk
  4190 | D:6      | Found a staircase to the Ecumenical Temple.
  4206 | Temple   | Entered the Ecumenical Temple
  4417 | D:6      | Found a glowing golden altar of the Shining One.
  4574 | D:7      | Found a flagged portal.
  4599 | Bailey   | Entered a bailey
  4613 | Bailey   | Noticed an orc knight
  4631 | Bailey   | Reached skill level 11 in Axes
  4635 | Bailey   | Killed an orc knight
  4635 | Bailey   | Reached ** piety under Okawaru
  4636 | Bailey   | Reached skill level 12 in Axes
  4636 | Bailey   | Reached XP level 8. HP: 10/64 MP: 4/7
  4690 | Bailey   | Reached skill level 13 in Axes
  4730 | Bailey   | Noticed an orc high priest
  4740 | Bailey   | Killed an orc high priest
  4740 | Bailey   | Reached *** piety under Okawaru
  4741 | Bailey   | Reached skill level 14 in Axes
  4741 | Bailey   | Reached XP level 9. HP: 57/70 MP: 8/8
  4901 | Bailey   | Found an iron altar of Okawaru.
  4901 | Bailey   | Noticed a kobold demonologist
  4908 | Bailey   | Killed a kobold demonologist
  4909 | Bailey   | Reached skill level 15 in Axes
  4928 | Bailey   | Identified the +4 ring mail "Buwoteuj" {Harm rC- rN+ Str+2}
  4983 | Bailey   | Identified the +4 spear of Untimely Demise {venom, Will+++
                  | rCorr Int-2}
  5037 | D:7      | Acquired the +2 kite shield "Pumia" {rElec rF- Str-5 Int+6}
  5114 | D:7      | Noticed a manticore
  5119 | D:7      | Killed a manticore
  5120 | D:7      | Reached skill level 16 in Axes
  5133 | D:7      | Reached **** piety under Okawaru
  5165 | D:7      | Found a white marble altar of Elyvilon.
  5342 | D:7      | Found a basalt altar of Yredelemnul.
  5898 | D:8      | Reached XP level 10. HP: 72/75 MP: 9/9
  5974 | D:8      | Reached skill level 17 in Axes
  6062 | D:8      | Noticed Erica
  6076 | D:8      | Killed Erica
  6435 | D:8      | Reached skill level 18 in Axes
  6721 | D:8      | Found a shimmering blue altar of Sif Muna.
  7058 | D:9      | Found a staircase to the Lair.
  7135 | D:9      | Reached ***** piety under Okawaru
  7154 | D:9      | Reached skill level 5 in Fighting
  7154 | D:9      | Reached skill level 5 in Armour
  7154 | D:9      | Reached skill level 5 in Shields
  7210 | D:9      | Reached XP level 11. HP: 49/89 MP: 10/10
  7394 | D:9      | Noticed a two-headed ogre
  7402 | D:9      | Killed a two-headed ogre
  7471 | D:9      | Identified the +3 plate armour "Nequulou" {MP+9} (Okawaru
                  | gifted it to you on level 9 of the Dungeon)
  7471 | D:9      | Received a gift from Okawaru
  7828 | D:10     | Entered Level 10 of the Dungeon
  8049 | D:10     | Found a staircase to the Orcish Mines.
  8295 | D:10     | Reached ****** piety under Okawaru
  8544 | D:10     | Found a radiant altar of Vehumet.
  8822 | D:11     | Found a large runed translucent door.
  8822 | D:11     | Found a large runed translucent door.
  8831 | D:11     | Noticed Jackthecabe's ghost (journeyman DgCj)
  9348 | D:11     | Reached XP level 12. HP: 104/104 MP: 11/11
  9791 | D:12     | Received a gift from Okawaru
  9815 | D:12     | Reached skill level 10 in Fighting
  9815 | D:12     | Reached skill level 10 in Armour
  9815 | D:12     | Reached skill level 10 in Shields
 10044 | D:12     | Noticed a boulder beetle
 10083 | D:12     | Killed a boulder beetle
 10139 | D:12     | Noticed a boulder beetle
 10153 | D:12     | Killed a boulder beetle
 10451 | D:12     | Noticed a two-headed ogre
 10458 | D:12     | Killed a two-headed ogre
 10559 | D:12     | Found a burning altar of Makhleb.
 10559 | D:12     | Noticed a vampire mage
 10574 | D:12     | Killed a vampire mage
 10741 | D:13     | Noticed a boulder beetle
 10750 | D:13     | Reached skill level 1 in Invocations
 10768 | D:13     | Killed a boulder beetle
 10780 | D:13     | Noticed Kirke
 10798 | D:13     | Killed Kirke
 10807 | D:13     | Found a frozen archway.
 10827 | D:13     | Reached XP level 13. HP: 70/117 MP: 14/14
 10877 | D:13     | Noticed Etrocim's ghost (journeyman KoDe)
 10878 | D:13     | Found a transporter.
 10878 | D:13     | Identified the +4 great mace "Usmoaturph" {flame, rElec
                  | Int+3}
 10878 | D:13     | Noticed an ettin
 10893 | IceCv    | Entered an ice cave
 10912 | IceCv    | Found a transporter.
 10960 | IceCv    | Found a transporter.
 11211 | D:13     | Identified the +5 quick blade "Goblinbane" {protect, rElec}
                  | (Okawaru gifted it to you on level 13 of the Dungeon)
 11211 | D:13     | Received a gift from Okawaru
 11239 | D:13     | Found a gate to the Vaults.
 11453 | D:13     | Found a transporter.
 11521 | D:14     | Reached skill level 5 in Invocations
 11617 | D:14     | Identified the +2 mace of the Enchanting Gods {venom, *Slow
                  | Str+6 Stlth+}
 11743 | D:14     | Found Wunymmahe's Gadget Gallery.
 12071 | D:15     | Entered Level 15 of the Dungeon
 12092 | D:15     | Identified the +2 spear of Bonlios {distort, Int+2}
                  | (Okawaru gifted it to you on level 15 of the Dungeon)
 12092 | D:15     | Received a gift from Okawaru
 12500 | D:15     | Received a gift from Okawaru
 12506 | D:15     | Reached XP level 14. HP: 121/130 MP: 18/18
 12853 | D:15     | Found a staircase to the Depths.
 12853 | D:15     | Noticed a stone giant
 12864 | D:15     | Killed a stone giant
 13081 | Lair:1   | Entered Level 1 of the Lair of Beasts
 13356 | Lair:1   | You fall into a shaft and drop 1 floor!
 13782 | Lair:1   | Found the +2 ratskin cloak {*Rats rPois rN+ Str-1 Int-1
                  | Dex+1}
 14133 | Lair:2   | Reached skill level 15 in Fighting
 14159 | Lair:2   | Noticed Sonja
 14183 | Lair:2   | Killed Sonja
 14891 | Lair:3   | Found the +8 whip "Snakebite" {venom, curare, rPois}
 15147 | Lair:3   | Found a staircase to the Snake Pit.
 15291 | Lair:3   | Found a staircase to the Swamp.
 15301 | Lair:3   | Identified the +5 plate armour "Meda" {Int+6 SInv} (Okawaru
                  | gifted it to you on level 3 of the Lair of Beasts)
 15301 | Lair:3   | Received a gift from Okawaru
 15378 | Lair:3   | Found an opulent altar of Gozag.
 16421 | Lair:4   | Found a runed translucent door.
 16431 | Lair:4   | Found a staircase to the Slime Pits.
 16895 | Lair:5   | Entered Level 5 of the Lair of Beasts
 17169 | Lair:5   | Reached skill level 10 in Invocations
 17234 | Lair:5   | Reached XP level 15. HP: 137/144 MP: 21/21
 17614 | Lair:5   | Identified the +1 tower shield "Bewni Lach" {rN++ Will+
                  | Regen+ Dex+3}
 17815 | Lair:5   | Received a gift from Okawaru
 18476 | Orc:1    | Entered Level 1 of the Orcish Mines
 18626 | Orc:2    | Entered Level 2 of the Orcish Mines
 18722 | Orc:2    | Gained mutation: You are weak. (Str -2) [a neqoxec]
 19471 | Orc:2    | Found Ybo Ole's Armour Shop.
 19471 | Orc:2    | Found Koicrour's Antique Weapon Boutique.
 19489 | Orc:2    | Found Zoredauh's Assorted Antiques.
 19493 | Orc:2    | Found Ketz's Jewellery Shop.
 19498 | Orc:2    | Bought a scroll of enchant weapon for 232 gold pieces
 19503 | Orc:2    | Bought a +4 ring of slaying for 1248 gold pieces
 19552 | Orc:2    | Found a staircase to the Elven Halls.
 19888 | Swamp:1  | Entered Level 1 of the Swamp
 19891 | Swamp:1  | Noticed a thorn hunter
 19903 | Swamp:1  | Killed a thorn hunter
 19910 | Swamp:1  | Splashed by a goliath frog's acid

Illustrated notes

Levels and vault maps discovered:
D:1:      matt_arrival_grand_opening, layout_basic
D:2:      layout_loops_ring, dk_noncrumbling_4, glass_columns_c, minivault_24,
          uniq_robin
D:3:      layout_basic, nicolae_hepliaklqana_hazy_memory,
          okawaru_altar_gauntlet_db, hellmonk_ecumenical_altar_watching_god
D:4:      layout_loops_ring, xom_butterflies,
          mainiacjoe_overflow_six_doors_small, serial_bayou_ford_a
D:5:      layout_gridville, fedhas_bush_and_centaur_altar,
          mainiacjoe_overflow_chevrons, dreamdust_princess_bridge
D:6:      layout_basic, nicolae_tso_swordbearing_angel, minmay_temple_entry_mist
D:7:      layout_basic, mainiacjoe_overflow_cross_hatched, elyvilon_altar_5,
          enter_bailey_2
D:8:      nicolae_whirlpool, layout_basic, kennysheep_orc_sif_temple, uniq_erica
D:9:      layout_basic, lair_entry_dummy
D:10:     layout_irregular_city, fiery_altar_vehumet, zombieorc2_lemuel,
          mrwooster_statue_mirror
D:11:     layout_roguey, ebering_ghost_disaster_area
D:12:     layout_gridville, nicolae_nh_vlads_tower
D:13:     layout_rooms, ximxim_vaults_locker_room, gammafunk_ghost_smash,
          portal_ice_cave_entry_pillars_1, uniq_kirke
D:14:     layout_cave_pools, nicolae_shop_gadgets
D:15:     grunt_enter_depths_snipers, layout_loops_ring, minmay_door_square
Temple:   minmay_temple_curvy_loop
Lair:1:   layout_cave_shapes, st_stairs_11, grunt_megastairs_5
Lair:2:   layout_small_grid, uniq_sonja
Lair:3:   layout_layer_cave, skrybe_swamp_entry_bodies,
          nicolae_snake_entry_squirm, basic_altar, lemuel_old_faithful
Lair:4:   layout_regular_city, slime_entry_2, grunt_forest_large_clearings
Lair:5:   due_jungle_book, layout_small_grid, st_stairs_11, lemuel_fruit_fields,
          grunt_megastairs_4
Swamp:1:  layout_falls_marsh, evilmike_swamp_ruin_house_1
Orc:1:    lemuel_ogre_cave, layout_caves, mines2_david
Orc:2:    st_orc_mages, layout_caves, nicolae_orc_damp_corner

Skill      XL: |  1  2  3  4  5  6  7  8  9 10 11 12 13 14 15 |
---------------+----------------------------------------------+-----
Axes           | 3 4 5 6 7 9 12 14 16 18 | 18.0
Armour         | 6 9 11 13 14 | 14.0
Shields        | 6 9 11 12 14 | 14.7
Fighting       | 6 9 11 13 16 17 | 17.7
Invocations    | 3 7 10 12 | 12.0

Action                     |  1- 3 |  4- 6 |  7- 9 | 10-12 | 13-15 || total
---------------------------+-------+-------+-------+-------+-------++-------
  Melee: War axe           |    86 |   124 |   141 |       |       ||   351
         Headbutt          |    11 |    21 |    31 |   135 |   234 ||   432
         Broad axe         |       |       |    30 |   616 |   963 ||  1609
  Throw: Boomerang         |       |     1 |       |    34 |    10 ||    45
 Invoke: Heroism           |       |     1 |     1 |     3 |     6 ||    11
         Finesse           |       |       |       |       |     1 ||     1
    Use: Scroll            |     1 |     9 |     7 |    15 |    11 ||    43
         Potion            |       |     1 |     1 |       |     2 ||     4
 Armour: Scale mail        |    45 |    28 |       |       |       ||    73
         Chain mail        |       |    52 |   105 |   456 |   637 ||  1250
  Dodge: Dodged            |    47 |    50 |    45 |   221 |   244 ||   607
  Block: Buckler           |    21 |    25 |    31 |   167 |    25 ||   269
         Kite shield       |       |       |       |       |   392 ||   392
         Tower shield      |       |       |       |       |   390 ||   390

Table legend: (Time is in decaauts)
 A = Elapsed time spent in this place.
 B = Non-inter-level travel time spent in this place.
 C = Inter-level travel time spent in this place.
 D = Time resting spent in this place.
 E = Time spent auto-exploring this place.
 F = Levels seen in this place.
 G = Mean time per level.
                   A        B        C        D        E       F      G
               +--------+--------+--------+--------+--------+-----+--------+
         Total |  19632 |  18601 |   1031 |    295 |  12464 |  26 |  755.1 |
       Dungeon |  12479 |  11866 |    613 |    158 |   8317 |  15 |  831.9 |
        Temple |      1 |      1 |      0 |      0 |      0 |   1 |    1.0 |
          Lair |   5359 |   4977 |    382 |     60 |   3510 |   5 | 1071.8 |
         Swamp |     20 |     20 |      0 |      0 |      0 |   1 |   20.0 |
  Orcish Mines |   1239 |   1204 |     35 |      0 |    637 |   2 |  619.5 |
        Bailey |    413 |    413 |      0 |     44 |      0 |   1 |  413.0 |
      Ice Cave |    118 |    118 |      0 |     33 |      0 |   1 |  118.0 |
               +--------+--------+--------+--------+--------+-----+--------+

Top non-repeatable levels by time:
  Lair:3: 1301 daAuts
  Lair:5: 1269 daAuts
    D:12: 1180 daAuts
     D:8: 1148 daAuts
     D:1: 1020 daAuts
  Lair:1: 999 daAuts
  Lair:4: 906 daAuts
    D:11: 893 daAuts
     D:7: 883 daAuts
  Lair:2: 882 daAuts
     D:9: 869 daAuts
    D:15: 849 daAuts
     D:4: 833 daAuts
    D:10: 823 daAuts
     D:3: 809 daAuts
